 Dungeon Sprint DCSS version 0.30-a0-219-gf2db51d15e (webtiles) character file.

Game seed: 2679351528626678110

9834 Zeld the Severer (level 11, -2/79 HPs)
             Began as a Minotaur Berserker on Oct 7, 2022.
             Was a High Priest of Trog.
             Slain by a 16-headed hydra (4 damage)
             ... while paralysed by a floating eye
             ... in the Dungeon (Sprint I: "Red Sonja").
             The game lasted 00:03:10 (2519 turns).

Zeld the Severer (Minotaur Berserker)               Turns: 2519, Time: 00:03:12

Health: -2/79      AC:  9    Str: 25    XL:     11   Next: 28%
Magic:  8/8        EV:  2    Int:  2    God:    Trog [*****.]
Gold:   169        SH:  0    Dex: 14    Spells: 10/10 levels left

rFire   . . .      SeeInvis +    a - +11 executioner's axe of the Final Chapter {vorpal, Dex+3}
rCold   . . .      Faith    .    (shield currently unavailable)
rNeg    . . .      Spirit   .    b - +0 chain mail
rPois   +          Reflect  +    (helmet restricted)
rElec   .          Harm     .    (no cloak)
rCorr   .          Rampage  .    (no gloves)
Will    .....      NoTele   +    (no boots)
Stlth   ..........               o - amulet of reflection
HPRegen 0.33/turn                k - ring of see invisible
MPRegen 0.11/turn                n - ring of poison resistance

@: paralysed
A: horns 2, retaliatory headbutt, hooves 1, deformed body, dopey 1, frail 3, low
MP 1, screaming 2, subdued magic 2
a: Renounce Religion, Berserk, Trog's Hand, Brothers in Arms


You were in the Dungeon.
You worshipped Trog.
Trog was extremely pleased with you.
You visited 1 branch You collected 979 gold pieces.
You spent 810 gold pieces at shops.

Inventory:

Hand Weapons
 a - the +11 executioner's axe of the Final Chapter (weapon) {vorpal, Dex+3}
   (Trog gifted it to you in the Dungeon)

   It inflicts extra damage upon your enemies.
   Dex:       It affects your dexterity (+3).
Armour
 b - a +0 chain mail (worn)
Jewellery
 k - a ring of see invisible (left hand)
 n - a ring of poison resistance (right hand)
 o - an amulet of reflection (around neck)
Wands
 i - a wand of flame (19)
 p - a wand of iceblast (8)
Scrolls
 h - a scroll of blinking
 l - a scroll of amnesia
 m - 3 scrolls of vulnerability
 q - a scroll of fear
 r - a scroll of summoning {unknown}
Potions
 c - 3 potions of curing
 d - 2 potions of heal wounds
 e - 2 potions of haste
 f - 2 potions of magic
 g - 2 potions of berserk rage
 j - a potion of degeneration


   Skills:
 + Level 15.4 Fighting
 * Level 20.9 Axes
 + Level 15.2 Armour
 + Level 14.0 Dodging


You had 10 spell levels left.
You didn't know any spells.
Your spell library was empty.

Dungeon Overview and Level Annotations

Branches:
Dungeon (1/1)

Altars:
Cheibriados
Dithmenos
Elyvilon
Fedhas
Gozag
Hepliaklqana
Kikubaaqudgha
Makhleb
Nemelex Xobeh
Okawaru
Qazlal
Ru
Sif Muna
Trog
Uskayaw
Vehumet
Wu Jian
Xom
Yredelemnul
Zin
The Shining One
Jiyva
Lugonu

Shops:
D =(:=?=[


Innate Abilities, Weirdness & Mutations

You have a pair of horns on your head.
You reflexively headbutt those who attack you in melee.
You have large cloven feet.
Armour fits poorly on your strangely shaped body.
You are dopey. (Int -2)
You are extremely frail. (-30% HP)
Your magical capacity is low. (-10% MP)
You frequently scream uncontrollably at your foes.
Your spells are easier to cast, but less powerful.


Message History

The floating eye turns its gaze towards you.
The floating eye seems to glare at you.
Found 54 gold pieces.
Unknown command.
Your troll goes berserk!
The 12-headed hydra bites you! x2; The 12-headed hydra bites you.
The 12-headed hydra barely misses you. The 12-headed hydra bites you.
The 12-headed hydra misses you. x2; The 12-headed hydra closely misses you.
The 12-headed hydra barely misses you.
The 12-headed hydra bites you but does no damage.
The 12-headed hydra misses you. The 12-headed hydra closely misses you.
The floating eye gazes piercingly through you!
You suddenly lose the ability to move!
The 12-headed hydra barely misses you. The 12-headed hydra bites you!
The 12-headed hydra bites you.
The 12-headed hydra bites you but does no damage. x2
The 12-headed hydra bites you! The 12-headed hydra bites you.
* * * LOW HITPOINT WARNING * * *
The 12-headed hydra bites you but does no damage.
The 12-headed hydra bites you!
* * * LOW HITPOINT WARNING * * *
The 12-headed hydra bites you but does no damage.
The 12-headed hydra bites you!
* * * LOW HITPOINT WARNING * * *
The 12-headed hydra bites you.
* * * LOW HITPOINT WARNING * * *
Your troll bites the 12-headed hydra!
Your troll claws the 12-headed hydra!
Your troll tears one of the 12-headed hydra's heads off!
The 11-headed hydra grows two more!
Your troll claws the 13-headed hydra!
Your troll tears one of the 13-headed hydra's heads off!
The 12-headed hydra grows two more!
The floating eye seems to glare at you.
Your troll bites the 14-headed hydra!!
Your troll claws the 14-headed hydra.
Your troll tears one of the 14-headed hydra's heads off!
The 13-headed hydra grows two more!
Your troll claws the 15-headed hydra!
Your troll tears one of the 15-headed hydra's heads off!
The 14-headed hydra grows two more!
The 16-headed hydra completely misses you.
The 16-headed hydra bites you.
You die...

#####################
).#..#.§§§).§§§§@DG$#
..##§#§####...§§##T.+
..'..#§# ##..§## ##
###§.§§# #$###+#
##§####..$#y
#.§..○#..$##
#§..○.○..$$$
###○..#..○. #○..# #°'


You could see a 16-headed hydra (ally target), a floating eye (charged) and a
friendly troll (summoned, berserk).

Vanquished Creatures
  A lorocyproca (D)
  Sonja (D)
  A deep troll (D)
  A lindwurm (D)
  8 shining eyes (D)
  A gargoyle (D)
  2 kobold demonologists (D)
  2 demonic crawlers (D)
  A slime creature (D)
  Sigmund (D)
  A yak (D)
  13 hogs (D)
  5 floating eyes (D)
  An ogre (D)
  A jelly (D)
  Ijyb (D)
41 creatures vanquished.

Vanquished Creatures (collateral kills)
  2 demonic crawlers (D)
2 creatures vanquished.

Vanquished Creatures (others)
  2 ballistomycete spores (D)
2 creatures vanquished.

Grand Total: 45 creatures vanquished

Notes
Turn   | Place    | Note
-------+----------+-------------------------------------------
     0 | D        | Zeld the Minotaur Berserker began the quest for the Orb.
     0 | D        | Reached XP level 1. HP: 19/19 MP: 0/0
     1 | D        | Noticed Ijyb
     9 | D        | Killed Ijyb
    10 | D        | Reached skill level 5 in Axes
    10 | D        | Reached XP level 2. HP: 28/28 MP: 1/1
   255 | D        | Noticed an ogre
   262 | D        | Killed an ogre
   263 | D        | Reached skill level 7 in Axes
   263 | D        | Reached skill level 5 in Armour
   263 | D        | Reached XP level 3. HP: 15/37 MP: 2/2
   263 | D        | Reached XP level 4. HP: 18/44 MP: 3/3
   376 | D        | Noticed Sigmund
   382 | D        | Killed Sigmund
   382 | D        | Reached ** piety under Trog
   383 | D        | Reached skill level 10 in Axes
   383 | D        | Reached XP level 5. HP: 52/52 MP: 4/4
   429 | D        | Found a burning altar of Makhleb.
   429 | D        | Found a viscous altar of Jiyva.
   429 | D        | Found a shimmering altar of Xom.
   429 | D        | Found a corrupted altar of Lugonu.
   429 | D        | Noticed a slime creature
   437 | D        | Killed a slime creature
   438 | D        | Reached skill level 11 in Axes
   438 | D        | Reached XP level 6. HP: 61/62 MP: 5/5
   567 | D        | Noticed a kobold demonologist
   567 | D        | Noticed a floating eye
   567 | D        | Noticed a kobold demonologist
   568 | D        | Paralysed by a floating eye for 4 turns
   570 | D        | Noticed a hellwing
   572 | D        | Noticed a neqoxec
   573 | D        | Noticed a soul eater
   573 | D        | Paralysed by a floating eye for 3 turns
   576 | D        | Noticed a sixfirhy
   577 | D        | Killed a floating eye
   578 | D        | Reached XP level 7. HP: 69/69 MP: 6/6
   580 | D        | Killed a kobold demonologist
   581 | D        | Reached skill level 13 in Axes
   582 | D        | Noticed a ynoxinul
   590 | D        | Killed a kobold demonologist
   590 | D        | Reached *** piety under Trog
   591 | D        | Reached skill level 10 in Fighting
   591 | D        | Reached XP level 8. HP: 29/79 MP: 7/7
   925 | D        | Found an ornate altar of the Wu Jian Council.
   925 | D        | Found a shimmering blue altar of Sif Muna.
   927 | D        | Found a radiant altar of Vehumet.
   963 | D        | Found Ruerphe's Jewellery Emporium.
   963 | D        | Found an ancient bone altar of Kikubaaqudgha.
   963 | D        | Found a hazy altar of Hepliaklqana.
   963 | D        | Found a hide-covered altar of Uskayaw.
   963 | D        | Found a basalt altar of Yredelemnul.
   963 | D        | Found an opulent altar of Gozag.
   963 | D        | Found a snail-covered altar of Cheibriados.
   963 | D        | Found a sacrificial altar of Ru.
   963 | D        | Found a shadowy altar of Dithmenos.
   965 | D        | Found a stormy altar of Qazlal.
   965 | D        | Found a blossoming altar of Fedhas.
   965 | D        | Found a bloodstained altar of Trog.
   965 | D        | Found an iron altar of Okawaru.
   965 | D        | Found a glowing golden altar of the Shining One.
   965 | D        | Found a glowing silver altar of Zin.
   965 | D        | Found a white marble altar of Elyvilon.
   969 | D        | Reached skill level 14 in Axes
   969 | D        | Reached skill level 10 in Armour
   970 | D        | Found a sparkling altar of Nemelex Xobeh.
   974 | D        | Bought a ring of see invisible for 150 gold pieces
   982 | D        | Noticed Sonja
   998 | D        | Killed Sonja
   998 | D        | Reached **** piety under Trog
   999 | D        | Reached skill level 15 in Axes
   999 | D        | Reached skill level 10 in Dodging
  1397 | D        | Found Idane's Jewellery Boutique.
  1405 | D        | Bought a ring of poison resistance for 220 gold pieces
  1405 | D        | Bought an amulet of reflection for 330 gold pieces
  1413 | D        | Noticed a shining eye
  1413 | D        | Noticed a shining eye
  1413 | D        | Noticed a shining eye
  1413 | D        | Noticed a shining eye
  1413 | D        | Noticed a shining eye
  1413 | D        | Noticed a shining eye
  1416 | D        | Paralysed by a floating eye for 3 turns
  1419 | D        | Gained mutation: Your spells are a little easier to cast,
                  | but a little less powerful. [a shining eye]
  1422 | D        | Killed a shining eye
  1422 | D        | Gained mutation: You occasionally shout uncontrollably at
                  | your foes. [a shining eye]
  1423 | D        | Reached skill level 16 in Axes
  1423 | D        | Reached XP level 9. HP: 90/90 MP: 8/8
  1424 | D        | Killed a shining eye
  1424 | D        | Reached ***** piety under Trog
  1426 | D        | Killed a shining eye
  1427 | D        | Gained mutation: Armour fits poorly on your strangely
                  | shaped body. [a shining eye]
  1428 | D        | Killed a shining eye
  1429 | D        | Reached skill level 17 in Axes
  1432 | D        | Killed a shining eye
  1435 | D        | Killed a shining eye
  1436 | D        | Reached XP level 10. HP: 101/101 MP: 9/9
  1629 | D        | Noticed a deep troll
  1639 | D        | Killed a deep troll
  1640 | D        | Reached skill level 18 in Axes
  1818 | D        | Found Sakis's Armour Emporium.
  1820 | D        | Identified the +1 pair of gloves of Xemow {Rampage rC- rN+
                  | Int+2}
  1861 | D        | Paralysed by a floating eye for 3 turns
  1866 | D        | Noticed a shining eye
  1866 | D        | Noticed a shining eye
  1866 | D        | Paralysed by a floating eye for 2 turns
  1867 | D        | Gained mutation: You frequently scream uncontrollably at
                  | your foes. [a shining eye]
  1869 | D        | Gained mutation: You are frail. (-10% HP) [a shining eye]
  1870 | D        | Gained mutation: You are very frail. (-20% HP) [a shining
                  | eye]
  1871 | D        | Gained mutation: You have hidden genetic defects. [a
                  | shining eye]
  1874 | D        | Gained mutation: You have large cloven feet. [a shining
                  | eye]
  1875 | D        | Gained mutation: You are dopey. (Int -2) [a shining eye]
  1877 | D        | Killed a shining eye
  1881 | D        | Gained mutation: You are extremely frail. (-30% HP) [a
                  | shining eye]
  1887 | D        | Killed a shining eye
  1891 | D        | Found Xasomnus's Magic Scroll Shop.
  1891 | D        | Found Haplil's Antique Weapon Shoppe.
  1891 | D        | Found Xied's Jewellery Boutique.
  1891 | D        | Found Comuosid's Book Emporium.
  1918 | D        | Bought a scroll of identify for 22 gold pieces
  1918 | D        | Bought a scroll of identify for 22 gold pieces
  1918 | D        | Bought a scroll of identify for 22 gold pieces
  1918 | D        | Bought a scroll of fear for 44 gold pieces
  2044 | D        | Reached skill level 19 in Axes
  2046 | D        | Gained mutation: Your magical capacity is low. (-10% MP)
                  | [hidden defects]
  2222 | D        | Noticed a gargoyle
  2231 | D        | Killed a gargoyle
  2231 | D        | Reached ****** piety under Trog
  2285 | D        | Noticed a lorocyproca
  2304 | D        | Killed a lorocyproca
  2304 | D        | Received a gift from Trog
  2305 | D        | Reached skill level 20 in Axes
  2320 | D        | Gained mutation: Your spells are easier to cast, but less
                  | powerful. [hidden defects]
  2320 | D        | Lost mutation: You have hidden genetic defects. [hidden
                  | defects expressed]
  2392 | D        | Noticed a lindwurm
  2395 | D        | Killed a lindwurm
  2396 | D        | Reached XP level 11. HP: 73/77 MP: 8/8
  2411 | D        | Reached skill level 15 in Fighting
  2423 | D        | Identified the +11 executioner's axe of the Final Chapter
                  | {vorpal, Dex+3} (Trog gifted it to you in the Dungeon)
  2423 | D        | Received a gift from Trog
  2424 | D        | Reached skill level 15 in Armour
  2516 | D        | Noticed a 12-headed hydra
  2517 | D        | Paralysed by a floating eye for 4 turns
  2518 | D        | HP: 1/79 [12-headed hydra (5)]
  2519 | D        | Slain by a 16-headed hydra

Illustrated notes

Levels and vault maps discovered:
D:        dungeon_sprint_1 [red_sonja_temple_1, red_sonja_temple_small_1]

Skill      XL: |  1  2  3  4  5  6  7  8  9 10 11 |
---------------+----------------------------------+-----
Fighting       | 4 6 7 8 10 11 13 14 15 | 15.4
Axes           | 5 7 10 11 13 16 17 20 | 20.9
Armour         | 3 5 7 8 9 11 13 14 15 | 15.2
Dodging        | 3 4 6 7 8 10 11 13 14 | 14.0

Action                   |  1- 3 |  4- 6 |  7- 9 | 10-12 || total
-------------------------+-------+-------+-------+-------++-------
Melee: Hand axe          |    11 |    13 |    52 |    51 ||   127
       Headbutt          |     3 |     2 |    11 |    22 ||    38
       Kick              |       |       |       |    27 ||    27
       Battleaxe         |       |       |       |    30 ||    30
Invok: Berserk           |     2 |     3 |     2 |     4 ||    11
       Brothers in Arms  |       |       |       |     2 ||     2
  Use: Scroll            |       |       |       |     3 ||     3
Armor: Chain mail        |       |     5 |    13 |    16 ||    34
Dodge: Dodged            |     4 |     2 |    21 |    34 ||    61
Block: Other             |       |       |       |     5 ||     5

Table legend: (Time is in decaauts)
 A = Elapsed time spent in this place.
 B = Non-inter-level travel time spent in this place.
 C = Inter-level travel time spent in this place.
 D = Time resting spent in this place.
 E = Time spent auto-exploring this place.
 F = Levels seen in this place.
 G = Mean time per level.
                   A        B        C        D        E       F      G
               +--------+--------+--------+--------+--------+-----+--------+
         Total |   2568 |   2568 |      0 |   1965 |    114 |   1 | 2568.0 |
       Dungeon |   2568 |   2568 |      0 |   1965 |    114 |   1 | 2568.0 |
               +--------+--------+--------+--------+--------+-----+--------+

Top non-repeatable levels by time:
       D: 2568 daAuts
